 Dungeon Crawl Stone Soup version 0.25-a0-42-g6c54e25894 (webtiles) character file.

Game seed: 15280705627558147812, levelgen mode: deterministic

1301 eSaltcracker the Slasher (level 8, -22/70 HPs)
             Began as a Minotaur Fighter on Oct 21, 2019.
             Was a Follower of Wu Jian.
             Killed from afar by a hornet zombie (27 damage)
             ... with an exploding inner flame
             ... hexed by the player character
             ... on level 6 of the Dungeon on Oct 22, 2019.
             The game lasted 01:11:53 (5022 turns).

eSaltcracker the Slasher (Minotaur Fighter)         Turns: 5022, Time: 01:11:54

Health: -22/70     AC: 18    Str: 24    XL:     8   Next: 31%
Magic:  7/7        EV:  9    Int:  5    God:    Wu Jian [*.....]
Gold:   169        SH: 10    Dex:  9    Spells: 7/7 levels left

rFire    . . .     SeeInvis .   a - +0 long sword {long long sword}
rCold    + . .     Gourm    .   c - +0 shield
rNeg     . . .     Faith    .   x - +3 scale mail {scaly scale mail}
rPois    .         Spirit   .   (helmet restricted)
rElec    .         Reflect  .   y - +0 cloak
rCorr    .         Harm     .   j - +0 pair of gloves
MR       .....                  z - +0 pair of boots
Stlth    ..........             (no amulet)
HPRegen  0.21/turn              h - ring of protection from cold
MPRegen  0.10/turn              E - +4 ring of protection

@: very slightly contaminated
A: retaliatory headbutt, horns 2
a: Renounce Religion


You were on level 6 of the Dungeon.
You worshipped Wu Jian.
Wu Jian was aware of your devotion.
You were not hungry.

You visited 2 branches of the dungeon, and saw 7 of its levels.

You collected 169 gold pieces.

Inventory:

Hand Weapons
 a - a +0 long sword (weapon) {long long sword}
 w - a +1 scythe of protection
 G - a +2 dagger of venom
Missiles
 k - 65 bolts
 q - 15 poisoned darts (quivered)
 t - 69 arrows
Armour
 c - a +0 shield (worn)
 j - a +0 pair of gloves (worn)
 x - a +3 scale mail (worn) {scaly scale mail}
 y - a +0 cloak (worn)
 z - a +0 pair of boots (worn)
Jewellery
 h - a ring of protection from cold (left hand)
 v - an uncursed ring of magical power
 E - a +4 ring of protection (right hand)
 I - an uncursed ring of protection from cold
Wands
 g - a wand of random effects (30)
Scrolls
 l - 6 scrolls of identify {unknown}
 m - 2 scrolls of fear {unknown}
 o - 3 scrolls of remove curse {unknown}
 r - 3 scrolls of amnesia {unknown}
Potions
 b - 2 potions of experience {unknown}
 d - a potion of might
 e - 2 potions of brilliance {unknown}
 i - 3 potions of mutation {unknown}
 n - a potion of haste
 p - 3 potions of curing {unknown}
 u - a potion of invisibility {unknown}
 A - a potion of degeneration {unknown}
 C - a potion of agility {unknown}
 F - a potion of flight
Comestibles
 f - 7 rations


   Skills:
 + Level 6.2 Fighting
 * Level 7.7 Long Blades
 + Level 6.5 Armour
 + Level 3.9 Dodging
 - Level 0.8 Stealth
 - Level 5.2 Shields


You had 7 spell levels left.
You didn't know any spells.
Your spell library was empty.

Dungeon Overview and Level Annotations

Branches:
Dungeon (6/15)             Temple (1/1) D:5

Altars:
Ashenzari
Cheibriados
Dithmenos
Fedhas
Gozag
Hepliaklqana
Kikubaaqudgha
Makhleb
Okawaru
Qazlal
Ru
Sif Muna
Trog
Wu Jian
Zin

Annotations:
D:1 2


Innate Abilities, Weirdness & Mutations

You reflexively headbutt those who attack you in melee.
You have a pair of horns on your head.


Message History

The hornet zombie hits you but does no damage.
The centaur barely misses you. The hornet zombie closely misses you.
You hit the hornet zombie. You headbutt the hornet zombie!
The hornet zombie explodes!
The fiery explosion engulfs the orc wizard!!
The orc wizard explodes!
The fiery explosion engulfs the centaur!
The centaur is severely wounded.
The fiery explosion engulfs the orc priest!!!
The orc priest explodes!
The fiery explosion engulfs the crimson imp.
The crimson imp completely resists.
The fiery explosion engulfs the centaur!!
The centaur explodes!
The fiery explosion engulfs you!!
* * * LOW HITPOINT WARNING * * *
The Council accepts your kill. x3
The fiery explosion engulfs the crimson imp.
The crimson imp completely resists.
The fiery explosion engulfs you!!
You die...

#.....). #....)..
#.### ###.......
####.#. #...######
#. ... #.###
#####%##.# ##.#
#..%.%..§#### ###..#
#..%...§§§§(###...##
#.....)§§§@.%.%%.##
#...%..§5#§#.#.#.#
########.#.......###
.......†#.#.#.#...#
######.5...[.....##
##...#.#.#..#
#.>.....%.##
##....######
#..!...#


You could see a crimson imp.

Vanquished Creatures
  Sigmund (D:2)
  An orc warrior (D:6)
  2 phantoms
  2 centaurs
  A howler monkey (D:6)
  A crimson imp (D:5)
  A hound (D:5)
  A bullfrog zombie (D:5)
  A jelly (D:6)
  2 orc priests
  An iguana (D:5)
  6 orc wizards
  Natasha (thrice) (D:2)
  A worker ant (D:4)
  A worker ant zombie (D:5)
  3 gnolls (D:5)
  3 adders
  A shadow imp (D:5)
  6 worms
  4 dart slugs
  A leopard gecko (D:4)
  13 orcs
  5 bats
  3 giant cockroaches
  7 goblins
  6 hobgoblins
  11 jackals
  2 quokkas
  6 ball pythons (D:2)
  5 frilled lizards
  5 kobolds
  8 rats
  2 fungi (D:2)
116 creatures vanquished.

Notes
Turn   | Place    | Note
-------+----------+-------------------------------------------
     0 | D:1      | eSaltcracker the Minotaur Fighter began the quest for the
                  | Orb.
     0 | D:1      | Reached XP level 1. HP: 19/19 MP: 0/0
   200 | D:1      | Reached XP level 2. HP: 26/27 MP: 1/1
   526 | D:1      | Reached skill level 3 in Long Blades
   608 | D:1      | Reached XP level 3. HP: 31/33 MP: 2/2
  1195 | D:2      | Found a sacrificial altar of Ru.
  1208 | D:2      | Reached XP level 4. HP: 38/40 MP: 3/3
  1214 | D:2      | Noticed Natasha
  1230 | D:2      | Killed Natasha
  1230 | D:2      | Reached skill level 4 in Long Blades
  1246 | D:2      | Upgraded the game from 0.25-a0-41-g6cf4ce537d to
                  | 0.25-a0-42-g6c54e25894
  1305 | D:2      | Noticed Sigmund
  1328 | D:2      | Killed Sigmund
  1328 | D:2      | Reached skill level 1 in Dodging
  1328 | D:2      | Reached skill level 5 in Shields
  1328 | D:2      | Reached XP level 5. HP: 15/47 MP: 4/4
  1328 | D:2      | Reached XP level 6. HP: 16/53 MP: 4/5
  1587 | D:2      | Noticed Natasha
  1592 | D:2      | Killed Natasha
  1592 | D:2      | Reached skill level 5 in Long Blades
  1606 | D:2      | Noticed Natasha
  1611 | D:2      | Killed Natasha
  1717 | D:2      | Found a snail-covered altar of Cheibriados.
  2167 | D:3      | Found an ornate altar of the Wu Jian Council.
  2576 | D:3      | Found a shadowy altar of Dithmenos.
  2661 | D:3      | Reached skill level 5 in Armour
  2709 | D:3      | Found a shattered altar of Ashenzari.
  3022 | D:3      | Became a worshipper of the Wu Jian Council
  3193 | D:4      | Found a hazy altar of Hepliaklqana.
  3241 | D:4      | Reached XP level 7. HP: 58/60 MP: 6/6
  3269 | D:4      | Reached skill level 5 in Fighting
  3993 | D:5      | Entered Level 5 of the Dungeon
  4128 | D:5      | Reached skill level 6 in Long Blades
  4264 | D:5      | Reached * piety under Wu Jian
  4612 | D:5      | Reached skill level 7 in Long Blades
  4612 | D:5      | Reached XP level 8. HP: 64/70 MP: 7/7
  4794 | D:5      | Found a staircase to the Ecumenical Temple.
  4801 | Temple   | Entered the Ecumenical Temple
  5022 | D:6      | Killed from afar by a hornet zombie

Levels and vault maps discovered:
D:1:      dpeg_arrival_tiny_f, layout_basic, lemuel_flame_loot_1
D:2:      layout_rooms, lemuel_coloured_pillars_altar,
          nicolae_ru_great_annihilating_truth, first_ration,
          minmay_shallow_snake_nest, uniq_natasha, uniq_sigmund
D:3:      layout_loops_ring, lemuel_round_altar, overflow_temple_1_default,
          lemuel_round_altar
D:4:      layout_loops_ring, lemuel_crystal_altar
D:5:      minmay_chambers_of_threes, layout_basic,
          minmay_temple_entry_nine_rooms
D:6:      layout_rooms, serial_glass, glass_columns_a, glass_columns_a,
          glass_columns_a, glass_columns_a, glass_columns_a, glass_columns_a,
          glass_columns_b, glass_columns_b
Temple:   jpeg_temple_island

Skill      XL: |  1  2  3  4  5  6  7  8 |
---------------+-------------------------+-----
Shields        | 4 5 |  5.2
Armour         | 4 5 6 |  6.5
Long Blades    | 3 4 5 7 |  7.7
Fighting       | 4 5 6 |  6.2
Dodging        | 1 2 3 |  3.9
Stealth        | |  0.8

Action                   |  1- 3 |  4- 6 |  7- 9 || total
-------------------------+-------+-------+-------++-------
Melee: Long sword        |   102 |   110 |   156 ||   368
       Headbutt          |    20 |    18 |    38 ||    76
Invok: Lunge             |       |     4 |     8 ||    12
       Whirlwind         |       |       |    10 ||    10
  Use: Potion            |       |     1 |       ||     1
       Scroll            |       |       |     2 ||     2
 Stab: Paralysed         |       |     2 |       ||     2
  Eat: Ration            |     1 |       |     2 ||     3
       Chunk             |       |     4 |     2 ||     6
Armor: Scale mail        |    39 |    46 |    79 ||   164
Dodge: Dodged            |    30 |    32 |    48 ||   110
Block: Shield            |    54 |    47 |    77 ||   178
       Rpst.: Long sword |     6 |    12 |     7 ||    25

Table legend:
 A = Non-vault XP
 B = Vault XP
 C = Vault XP percentage of total XP
 D = Non-vault monster count
 E = Vault monster count
 F = Vault count percentage of total count
                 A         B        C        D         E       F
            +---------+---------+-------+---------+---------+-------
      Total |    1314 |     545 |  29.3 |      93 |      21 |  18.4
            +---------+---------+-------+---------+---------+-------
        D:1 |      47 |       0 |   0.0 |      28 |       0 |   0.0
        D:2 |      93 |     322 |  77.6 |      13 |      12 |  48.0
        D:3 |      89 |       0 |   0.0 |      18 |       0 |   0.0
        D:4 |     321 |       0 |   0.0 |      19 |       0 |   0.0
        D:5 |     341 |     223 |  39.5 |       8 |       9 |  52.9
        D:6 |     423 |       0 |   0.0 |       7 |       0 |   0.0
            +---------+---------+-------+---------+---------+-------
